 Dungeon Crawl Stone Soup version 0.21-a0-584-g185da8e (webtiles) character file.

896 Timinator the Insei (level 7, -1/52 HPs)
             Began as a Vampire Transmuter on Dec 20, 2017.
             Slain by a centaur
             ... wielding a +0 scimitar
              (11 damage)
             ... on level 5 of the Dungeon.
             The game lasted 00:50:20 (4603 turns).

Timinator the Insei (Vampire Transmuter)            Turns: 4603, Time: 00:50:20

Health: -1/52      AC:  3    Str: 10    XL:     7   Next: 79%
Magic:  17/19      EV: 16    Int: 16    God:
Gold:   253        SH:  0    Dex: 15    Spells: 7/10 levels left

rFire    . . .     SeeInvis +     - Unarmed
rCold    . . .     Gourm    .   (no shield)
rNeg     . . .     Faith    +   b - +0 robe
rPois    .         Spirit   .   (no helmet)
rElec    .         Reflect  .   (no cloak)
rCorr    +         Harm     .   (no gloves)
MR       .....                  r - +0 pair of boots
Stlth    +.........             n - amulet of faith
HPRegen  0.37/turn              k - ring of magical power
MPRegen  0.16/turn              u - ring of resist corrosion

@: appendage, regenerating quickly
A: fangs 3, horns 2, see invisible, unbreathing
a: End Transformation


You were on level 5 of the Dungeon.
You were full.
You had grown temporary horns.
You visited 1 branch of the dungeon, and saw 5 of its levels.
You also visited: Sewer.

You collected 253 gold pieces.

Inventory:

Missiles
 a - 11 arrows
 s - 2 tomahawks (quivered)
Armour
 b - a +0 robe (worn)
 g - a +0 pair of boots
 m - a +0 helmet
 r - a +0 pair of boots (worn)
Jewellery
 k - a ring of magical power (left hand)
 n - an amulet of faith (around neck)
 u - a ring of resist corrosion (right hand)
Wands
 e - a wand of paralysis (11)
 t - a wand of acid (7)
Scrolls
 h - 2 scrolls of magic mapping
 i - 2 scrolls of blinking
 j - a scroll of immolation
 o - a scroll of teleportation
 p - 5 scrolls of remove curse
Potions
 d - 22 potions of blood
 l - 4 potions of magic
 q - 4 potions of flight
Books
 c - a book of Changes

   Spells                             Type                      Level
   a - Beastly Appendage              Transmutation                1
   b - Sticks to Snakes               Transmutation                2
   c - Spider Form                    Transmutation/Poison         3
   d - Ice Form                       Ice/Transmutation            4
   e - Blade Hands                    Transmutation                5


   Skills:
 * Level 3.2 Fighting
 * Level 6.0 Dodging
 + Level 6.7 Unarmed Combat
 - Level 2.0 Spellcasting
 * Level 4.0 Transmutations


You had 7 spell levels left.
You knew the following spells:

 Your Spells              Type           Power        Failure   Level  Hunger
a - Beastly Appendage     Tmut           ##....       3%          1    #......
b - Sticks to Snakes      Tmut           ##......     6%          2    ###....


Dungeon Overview and Level Annotations

Branches:
Dungeon (5/15)
 Temple: D:4-7

Altars:
Gozag
The Shining One

Shops:
D:4 %


Innate Abilities, Weirdness & Mutations

Your natural rate of healing is unusually fast.
You have razor-sharp teeth.
You have supernaturally acute eyesight. (SInv)
You can survive without breathing.
You have a pair of horns on your head.


Message History

You hit the centaur. Your headbutt misses the centaur.
The centaur is moderately wounded.
The centaur hits you with an uncursed scimitar.
* * * LOW HITPOINT WARNING * * *
Your adder closely misses the centaur. x2; The centaur completely misses you.
Okay, then.
You hit the centaur. Your headbutt misses the centaur.
The centaur is moderately wounded.
Your adder barely misses the centaur.
The centaur closely misses you.
Casting: Sticks to Snakes
Confirm with . or Enter, or press ? or * to list all spells.
You extend your transformation's duration.
Your adder bites the centaur but does no damage.
The centaur hits you with an uncursed scimitar.
* * * LOW HITPOINT WARNING * * *
You hit the centaur. You bite the centaur.
The centaur is heavily wounded.
Your adder bites the centaur.
The centaur hits you with an uncursed scimitar!
You die...

.....#.....##...##..............
.....#.....##...########'###....
.....'...........#.........# ...
.....#.....##....#.........# .
#############....#.........#
......#.........#
##...##...##....#
##..c#######=...#
#...S@..........#
+[..((..........#
#...............#
#################


You could see a centaur and a friendly adder.

Vanquished Creatures
  An ogre (D:5)
  A sky beast (D:4)
  2 phantoms (D:4)
  2 scorpions (D:4)
  3 hounds
  An orc wizard (D:4)
  Jessica (D:3)
  5 gnolls (D:4)
  12 adders
  2 river rats (Sewer)
  5 worms
  7 leopard geckos
  9 orcs
  8 bats
  4 giant cockroaches
  7 goblins
  8 hobgoblins
  7 jackals (D:3)
  2 quokkas
  6 ball pythons
  11 frilled lizards
  4 kobolds
  14 rats
122 creatures vanquished.

Notes
Turn   | Place    | Note
-------+----------+-------------------------------------------
     0 | D:1      | Timinator the Vampire Transmuter began the quest for the Orb.
     0 | D:1      | Reached XP level 1. HP: 14/14 MP: 3/3
    53 | D:1      | Reached skill level 1 in Fighting
   371 | D:1      | Reached XP level 2. HP: 16/21 MP: 3/5
   419 | D:1      | Found a glowing golden altar of the Shining One.
  1256 | D:2      | Reached XP level 3. HP: 20/26 MP: 6/6
  2016 | D:3      | Reached XP level 4. HP: 24/32 MP: 7/7
  2043 | D:3      | Found a glowing drain.
  2128 | Sewer    | Entered a sewer
  2376 | Sewer    | Reached XP level 5. HP: 21/38 MP: 8/8
  2692 | D:3      | Noticed Jessica
  2702 | D:3      | Killed Jessica
  2778 | D:3      | Reached skill level 5 in Unarmed Combat
  3536 | D:4      | Reached XP level 6. HP: 45/45 MP: 9/9
  3544 | D:4      | Found Porutzi's Food Shop.
  3684 | D:4      | Noticed a sky beast
  3743 | D:4      | Learned a level 2 spell: Sticks to Snakes
  3754 | D:4      | Found an opulent altar of Gozag.
  3811 | D:4      | Reached skill level 5 in Dodging
  3947 | D:4      | Reached XP level 7. HP: 8/51 MP: 10/10
  4491 | D:5      | Entered Level 5 of the Dungeon
  4603 | D:5      | Slain by a centaur

Vault maps used:
D:1:      dpeg_arrival_round_c, tso_altar
D:3:      gup_sewer_entry_glass, serial_glass, glass_columns_a, glass_columns_a,
          glass_columns_b, glass_columns_c, glass_columns_c, glass_columns_a,
          glass_columns_b, glass_columns_b, glass_columns_a, glass_columns_b,
          glass_columns_a, glass_columns_a, glass_columns_b, glass_columns_a,
          uniq_jessica
D:4:      grunt_gozag_statues, serial_shops,
          nicolae_shop_temple_entry_statues_fountains, cheibrodos_gnoll_hut
D:5:      first_ration, uniq_sigmund
Sewer:    sewer_co_cracked_pipes

Skill      XL: |  1  2  3  4  5  6  7 |
---------------+----------------------+-----
Fighting       | 1 2 3 |  3.2
Unarmed Combat | 4 5 6 |  6.7
Transmutations | 3 4 |  4.0
Dodging        | 3 4 5 6 |  6.0
Spellcasting   | |  2.0

Action                   |  1- 3 |  4- 6 |  7- 9 || total
-------------------------+-------+-------+-------++-------
Melee: Unarmed           |   163 |   292 |    72 ||   527
       Bite              |    16 |    26 |     6 ||    48
       Headbutt          |    18 |    34 |     5 ||    57
       Punch             |       |     5 |     1 ||     6
 Cast: Beastly Appendage |    30 |    45 |     8 ||    83
       Sticks to Snakes  |       |       |     1 ||     1
 Abil: End Transformatio |       |     1 |       ||     1
       Bat Form          |       |     1 |       ||     1
Evoke: Wand              |       |     1 |     6 ||     7
  Use: Scroll            |     7 |     3 |       ||    10
       Potion            |     3 |    12 |       ||    15
  Eat: Corpse            |     4 |    11 |     2 ||    17
Armor: Robe              |    33 |    49 |     2 ||    84
Dodge: Dodged            |   125 |   209 |    58 ||   392

Table legend:
 A = Spawn XP
 B = Non-spawn XP
 C = Spawn XP percentage of total XP
 D = Spawn monster count
 E = Non-spawn monster count
 F = Spawn count percentage of total count
 G = Total turns spent on level
                    A         B        C        D         E        F      G
               +---------+---------+-------+---------+---------+-------+---------
         Total |       0 |    1281 |   0.0 |       0 |     122 |   0.0 |  4603
               +---------+---------+-------+---------+---------+-------+---------
           D:1 |       0 |      20 |   0.0 |       0 |      12 |   0.0 |   775
           D:2 |       0 |      73 |   0.0 |       0 |      26 |   0.0 |  1211
           D:3 |       0 |     239 |   0.0 |       0 |      42 |   0.0 |  1116
           D:4 |       0 |     750 |   0.0 |       0 |      20 |   0.0 |   889
           D:5 |       0 |     131 |   0.0 |       0 |       4 |   0.0 |   112
         Sewer |       0 |      68 |   0.0 |       0 |      18 |   0.0 |   500
               +---------+---------+-------+---------+---------+-------+---------
